 Dungeon Crawl Stone Soup version 0.31-a0-198-g2ad674f65e (webtiles) character file.

Game seed: 510380829034518719

5207 MacCMillion the Frost Mage (level 10, -4/76 HPs)
             Began as a Gnoll Ice Elementalist on June 25, 2023.
             Was a Follower of Cheibriados.
             Slain by a vampire (12 damage)
             ... on level 9 of the Dungeon.
             The game lasted 00:20:54 (13514 turns).

MacCMillion the Frost Mage (GnIE)                  Turns: 13514, Time: 00:20:55

Health: -4/76      AC:  2    Str: 11      XL:     10   Next: 60%
Magic:  16/21      EV: 20    Int: 21      God:    Cheibriados [*.....]
Gold:   498        SH:  0    Dex: 15 (16) Spells: 14/24 levels left

rFire   . . .        K - +4 dagger
rCold   + . .        (no shield)
rNeg    . . .        a - +0 robe
rPois   .            (no helmet)
rElec   .            (no cloak)
rCorr   .            (no gloves)
SInv    .            (no boots)
Will    .....        (no amulet)
Stlth   ++++         C - +5 ring of evasion
HPRegen 0.32/turn    A - ring of protection from cold
MPRegen 0.17/turn

%: no passive effects
@: about to teleport, very slow
A: fangs 1, strong nose, distributed training
a: Renounce Religion, Bend Time


You were on level 9 of the Dungeon.
You worshipped Cheibriados.
Cheibriados was aware of your devotion.
You visited 2 branches of the dungeon, and saw 10 of its levels.

You collected 498 gold pieces.

Inventory:

Hand Weapons
 p - a +2 battleaxe of freezing
 z - a +1 dagger of protection
 K - a +4 dagger (weapon)
Missiles
 d - a throwing net
 v - 13 poisoned darts
 G - 3 curare-tipped darts
Armour
 a - a +0 robe (worn)
Jewellery
 g - a ring of positive energy
 A - a ring of protection from cold (right hand)
 C - a +5 ring of evasion (left hand)
Wands
 c - a wand of charming (9)
 F - a wand of digging (5)
Scrolls
 e - 2 scrolls of noise
 f - a scroll of summoning
 h - 2 scrolls of vulnerability
 i - a scroll of amnesia
 j - a scroll of fog
 l - a scroll of torment {unknown}
 m - 2 scrolls of brand weapon
 n - 2 scrolls of fear {unknown}
 r - 2 scrolls of immolation {unknown}
 s - a scroll of enchant armour {unknown}
 y - a scroll of silence {unknown}
 D - 2 scrolls of enchant weapon {unknown}
 E - a scroll of revelation {unknown}
 H - a scroll of poison {unknown}
Potions
 b - 2 potions of magic
 o - a potion of might
 q - 5 potions of degeneration
 t - 3 potions of brilliance
 u - a potion of invisibility
 w - 2 potions of lignification
 x - a potion of enlightenment
 B - a potion of attraction {unknown}
 I - a potion of haste {unknown}
 J - a potion of cancellation {unknown}
 L - a potion of curing


   Skills:
 + Level 5.6 Fighting
 + Level 5.6 Short Blades
 + Level 5.6 Long Blades
 + Level 5.6 Axes
 + Level 5.6 Maces & Flails
 + Level 5.6 Polearms
 + Level 5.6 Staves
 + Level 5.6 Ranged Weapons
 + Level 5.6 Throwing
 + Level 5.6 Armour
 + Level 7.3 Dodging
 + Level 7.1 Stealth
 + Level 5.6 Shields
 + Level 5.6 Unarmed Combat
 + Level 7.6 Spellcasting
 + Level 4.6 Conjurations
 + Level 4.6 Hexes
 + Level 4.6 Summonings
 + Level 4.6 Necromancy
 + Level 4.6 Translocations
 + Level 4.6 Transmutations
 + Level 4.6 Fire Magic
 + Level 8.6 Ice Magic
 + Level 4.6 Air Magic
 + Level 4.6 Earth Magic
 + Level 4.6 Poison Magic
 + Level 6.2 Invocations
 + Level 5.6 Evocations


You had 14 spell levels left.
You knew the following spells:

 Your Spells              Type           Power      Damage    Failure   Level
b - Frozen Ramparts       Ice            88%        1d14      1%          3
c - Ozocubu's Armour      Ice            44%        N/A       1%          3
d - Summon Ice Beast      Ice/Summ       36%        N/A       5%          4

Your spell library contained the following spells:

 Spells                   Type           Power      Damage    Failure   Level
 Freeze                   Ice            100%       1d10      1%          1
 Sandblast                Erth           54%        2d13      1%          1
 Shock                    Conj/Air       100%       1d9       1%          1
 Summon Small Mammal      Summ           100%       N/A       1%          1
 Ensorcelled Hibernation  Hex/Ice        72%        N/A       1%          2
 Passwall                 Tmut/Erth      22%        N/A       1%          2
 Static Discharge         Conj/Air       54%        2-5/arc   1%          2
 Hailstorm                Conj/Ice       36%        3d9       1%          3
 Call Canine Familiar     Summ           27%        N/A       3%          3
 Stone Arrow              Conj/Erth      54%        3d10      3%          3
 Summon Guardian Golem    Hex/Summ       27%        N/A       3%          3
 Swiftness                Air            27%        N/A       3%          3
 Airstrike                Air            13%        2d(2-18)  12%         4
 Cause Fear               Hex            13%        N/A       12%         4
 Summon Lightning Spire   Summ/Air       27%        N/A       12%         4
 Dragon Form              Tmut           13%        N/A       100%        7
 Dragon's Call            Summ           13%        N/A       100%        9


Dungeon Overview and Level Annotations

Branches:
Dungeon (9/15)             Temple (1/1) D:7            Lair (0/5) D:8
    Orc: D:9-12

Altars:
Ashenzari
Cheibriados
Dithmenos
Elyvilon
Fedhas
Gozag
Hepliaklqana
Kikubaaqudgha
Makhleb
Nemelex Xobeh
Okawaru
Qazlal
Ru
Sif Muna
Trog
Uskayaw
Vehumet
Wu Jian
Xom
Yredelemnul
Zin
The Shining One

Annotations:
D:4 exclusion: phantom
D:5 Dowan


Innate Abilities, Weirdness & Mutations

You have very sharp teeth.
Your uncanny sense of smell can sniff out nearby items.
Your experience applies equally to all skills.


Message History

Are you sure you want to stumble around while confused and next to your ice beast?
Your icy armour will break if you move.
Continue?
You bump into the rock wall.
Something barely misses you. x2
Are you sure you want to stumble around while confused and next to your ice beast?
Your icy armour will break if you move.
Continue?
You barely miss something. Your punch misses something.
Something closely misses you. Something bites you.
Something draws strength from your injuries!
Are you sure you want to stumble around while confused and next to your ice beast?
Your icy armour will break if you move.
Continue?
You barely miss your ice beast.
Your ice beast disappears in a puff of smoke!
Your icy armour will break if you move.
Continue?
You bump into the rock wall.
You hear some strange, mumbled words.
Something tries to affect you, but you resist.
There is a strange disturbance nearby!
Your icy armour will break if you move.
Continue?
You're too confused to move!
There is a strange disturbance nearby!
There is a strange disturbance nearby!
There is a strange disturbance nearby!
There is a strange disturbance nearby!
There is a strange disturbance nearby!
Your icy armour will break if you move.
Continue?
Your icy armour cracks and falls away as you move.
You feel less confused. Something barely misses you. Something bites you.
Something draws strength from your injuries!
As you read the scroll of teleportation, it crumbles to dust.
You feel strangely unstable. Something hits you. Something bites you!
* * * LOW HITPOINT WARNING * * *
Something draws strength from your injuries!
Something hits you.
* * * LOW HITPOINT WARNING * * *
Something bites you!
* * * LOW HITPOINT WARNING * * *
Something draws strength from your injuries!
Something barely misses you. Something bites you!
You die...

.#.#.#.#.#.#.#.# #..... .#
.#.#.#.#.#.#.#.# #.....
.#.#.#.#.#.#.#.#.#.#.# ######
.#.#.#.#.#.#.#.#.#.#.#.. .
.#.#.#.#.#.#.#.#.#.#.#.#.# #
.#.#.#.#.#.#.#.#.#.#.#.#..# #
.#.#.#.#.#.#.#.#.#.#.#.#.#.# #
#.#.#.#.#.#.#.#.#.#.#.#.#..#
.#.#.#.#.#.#.#.#@#.#.#.#.#.# #
#.#.#.#.#.#.#.#†#.#.#.#.#..# #
.#.#.#.#.#.#.#.#.#.#.#.#.#.# #
#.#.#.#.#.#.#.#.#.#.#.#.#... .
.#.#.#.#.#.#.#.#.#.#.#.#.#.# #
#.#.#.#.#.#.#.#.#.#.#.#.#..# #
.#.#.#.#.#.#.#.#.#.#.#.#.#.######
#.#.#.#.#.#.#.#.#.#.#.#.#........
.#.#.#.#.#.#.#.#.#.#.#.#.#.######


There were no monsters in sight!

Vanquished Creatures
  Pikel (D:5)
  Maggie (D:8)
  Sigmund (D:3)
  3 wyverns (D:8)
  Eustachio (D:6)
  2 steam dragons
  2 water moccasins (D:8)
  A sky beast (D:7)
  6 black bears
  An ice beast (D:5)
  2 ogres (D:4)
  A wolf (D:8)
  2 phantoms (D:5)
  3 kobold brigands
  A lemure (D:4)
  3 bullfrogs
  A gnoll sergeant (D:5)
  6 scorpions
  4 wights (D:7)
  4 killer bees (D:7)
  2 howler monkeys (D:8)
  3 hounds
  5 jellies
  3 orc priests (D:8)
  A gnoll bouda (D:5)
  Natasha (D:2)
  5 orc wizards
  2 iguanas
  Robin (D:2)
  12 adders
  A shadow imp (D:7)
  A white imp (D:6)
  A worm (D:5)
  3 dart slugs
  21 orcs
  14 bats
  7 endoplasms
  A giant cockroach (D:1)
  10 hobgoblins
  2 jackals (D:1)
  21 kobolds
  3 quokkas
  8 ball pythons
  A frilled lizard (D:3)
  18 goblins
  5 rats
198 creatures vanquished.

Vanquished Creatures (collateral kills)
  An iguana (D:8)
1 creature vanquished.

Grand Total: 199 creatures vanquished

Notes
Turn   | Place    | Note
-------+----------+-------------------------------------------
     0 | D:1      | MacCMillion the Gnoll Ice Elementalist began the quest for
                  | the Orb.
     0 | D:1      | Reached XP level 1. HP: 13/13 MP: 6/6
   145 | D:1      | Reached XP level 2. HP: 19/19 MP: 7/7
   275 | D:1      | Found a faded altar of an unknown god.
   578 | D:1      | Reached skill level 5 in Spellcasting
   578 | D:1      | Reached XP level 3. HP: 24/25 MP: 5/9
   816 | D:2      | Noticed Natasha
   821 | D:1      | Reached skill level 1 in Invocations
   942 | D:1      | Learned a level 3 spell: Frozen Ramparts
   946 | D:1      | Learned a level 3 spell: Ozocubu's Armour
  1339 | D:2      | Reached skill level 1 in Fighting
  1339 | D:2      | Reached skill level 1 in Short Blades
  1339 | D:2      | Reached skill level 1 in Long Blades
  1339 | D:2      | Reached skill level 1 in Axes
  1339 | D:2      | Reached skill level 1 in Maces & Flails
  1339 | D:2      | Reached skill level 1 in Polearms
  1339 | D:2      | Reached skill level 1 in Staves
  1339 | D:2      | Reached skill level 1 in Ranged Weapons
  1339 | D:2      | Reached skill level 1 in Throwing
  1339 | D:2      | Reached skill level 1 in Armour
  1339 | D:2      | Reached skill level 1 in Shields
  1339 | D:2      | Reached skill level 1 in Unarmed Combat
  1339 | D:2      | Reached skill level 1 in Evocations
  1625 | D:2      | Killed Natasha
  1626 | D:2      | Reached XP level 4. HP: 32/32 MP: 3/11
  1841 | D:2      | Reached skill level 1 in Conjurations
  1841 | D:2      | Reached skill level 1 in Hexes
  1841 | D:2      | Reached skill level 1 in Summonings
  1841 | D:2      | Reached skill level 1 in Necromancy
  1841 | D:2      | Reached skill level 1 in Translocations
  1841 | D:2      | Reached skill level 1 in Transmutations
  1841 | D:2      | Reached skill level 1 in Fire Magic
  1841 | D:2      | Reached skill level 1 in Air Magic
  1841 | D:2      | Reached skill level 1 in Earth Magic
  1841 | D:2      | Reached skill level 1 in Poison Magic
  1870 | D:2      | Noticed Robin
  1973 | D:2      | Killed Robin
  2099 | D:3      | Reached XP level 5. HP: 37/37 MP: 5/12
  2256 | D:3      | You fall into a shaft and drop 1 floor!
  2536 | D:3      | Noticed Sigmund
  2555 | D:3      | Killed Sigmund
  2556 | D:3      | Reached skill level 5 in Dodging
  2556 | D:3      | Reached XP level 6. HP: 44/44 MP: 4/14
  3768 | D:4      | Reached XP level 7. HP: 51/51 MP: 9/15
  4141 | D:4      | Reached skill level 5 in Stealth
  4883 | D:5      | Entered Level 5 of the Dungeon
  4883 | D:5      | Found a hide-covered altar of Uskayaw.
  4958 | D:5      | Found a white marble altar of Elyvilon.
  4960 | D:5      | Found a radiant altar of Vehumet.
  4960 | D:5      | Noticed Dowan
  5405 | D:5      | Reached XP level 8. HP: 42/58 MP: 9/16
  7248 | D:5      | Noticed Pikel
  7266 | D:5      | Found an ancient bone altar of Kikubaaqudgha.
  7286 | D:5      | Killed Pikel
  7287 | D:5      | Reached XP level 9. HP: 58/65 MP: 12/18
  7490 | D:6      | Reached skill level 8 in Ice Magic
  7685 | D:6      | Noticed Eustachio
  7698 | D:6      | Killed Eustachio
  8848 | D:7      | Reached skill level 5 in Invocations
  9115 | D:7      | Found a staircase to the Ecumenical Temple.
  9979 | D:7      | Found a shadowy altar of Dithmenos.
 10084 | Temple   | Entered the Ecumenical Temple
 10385 | Temple   | Became a worshipper of Cheibriados the Contemplative
 10595 | D:7      | Reached skill level 5 in Fighting
 10595 | D:7      | Reached skill level 5 in Short Blades
 10595 | D:7      | Reached skill level 5 in Long Blades
 10595 | D:7      | Reached skill level 5 in Axes
 10595 | D:7      | Reached skill level 5 in Maces & Flails
 10595 | D:7      | Reached skill level 5 in Polearms
 10595 | D:7      | Reached skill level 5 in Staves
 10595 | D:7      | Reached skill level 5 in Ranged Weapons
 10595 | D:7      | Reached skill level 5 in Throwing
 10595 | D:7      | Reached skill level 5 in Armour
 10595 | D:7      | Reached skill level 5 in Shields
 10595 | D:7      | Reached skill level 5 in Unarmed Combat
 10595 | D:7      | Reached skill level 5 in Evocations
 10783 | D:7      | Reached XP level 10. HP: 71/71 MP: 16/20
 11502 | D:8      | Reached * piety under Cheibriados
 11571 | D:8      | Noticed Maggie
 11585 | D:8      | Learned a level 4 spell: Summon Ice Beast
 11599 | D:8      | Killed Maggie
 11770 | D:8      | Found a staircase to the Lair.
 13514 | D:9      | Slain by a vampire

Illustrated notes

Levels and vault maps discovered:
D:1:      dpeg_arrival_subterranean_lakeside_camping, layout_rooms,
          ebering_ecumenical_altar_rust, minmay_misc_feat_columns,
          nicolae_titane
D:2:      minmay_wonky_spiral, layout_rooms, uniq_natasha, uniq_robin
D:3:      layout_loops_corners, minmay_fractal_squares_5, uniq_sigmund
D:4:      layout_gridville
D:5:      cheibrodos_barr_body, layout_loops_ring, grunt_temple_overflow_open,
          uniq_pikel, uniq_duvessa
D:6:      layout_gridville, uniq_eustachio
D:7:      layout_loops_ring, mainiacjoe_overflow_cross_hatched,
          minmay_temple_entry_gardened_gates
D:8:      layout_loops_ring, minmay_lair_entry_grove, kennysheep_generic_room_2,
          uniq_maggie
D:9:      layout_basic, dk_vineyard_3
Temple:   minmay_temple_bridge_d

Skill      XL: |  1  2  3  4  5  6  7  8  9 10 |
---------------+-------------------------------+-----
Spellcasting   | 5 6 7 |  7.6
Invocations    | 1 2 3 4 5 6 |  6.2
Fighting       | 1 2 3 4 5 |  5.6
Short Blades   | 1 2 3 4 5 |  5.6
Long Blades    | 1 2 3 4 5 |  5.6
Axes           | 1 2 3 4 5 |  5.6
Maces & Flails | 1 2 3 4 5 |  5.6
Polearms       | 1 2 3 4 5 |  5.6
Staves         | 1 2 3 4 5 |  5.6
Ranged Weapons | 1 2 3 4 5 |  5.6
Throwing       | 1 2 3 4 5 |  5.6
Armour         | 1 2 3 4 5 |  5.6
Shields        | 1 2 3 4 5 |  5.6
Unarmed Combat | 1 2 3 4 5 |  5.6
Evocations     | 1 2 3 4 5 |  5.6
Conjurations   | 1 2 3 4 |  4.6
Hexes          | 1 2 3 4 |  4.6
Summonings     | 1 2 3 4 |  4.6
Necromancy     | 1 2 3 4 |  4.6
Translocations | 1 2 3 4 |  4.6
Transmutations | 1 2 3 4 |  4.6
Fire Magic     | 1 2 3 4 |  4.6
Air Magic      | 1 2 3 4 |  4.6
Earth Magic    | 1 2 3 4 |  4.6
Poison Magic   | 1 2 3 4 |  4.6
Dodging        | 5 6 7 |  7.3
Stealth        | 5 6 7 |  7.1
Ice Magic      | 8 |  8.6

Action                     |  1- 3 |  4- 6 |  7- 9 | 10-12 || total
---------------------------+-------+-------+-------+-------++-------
  Melee: Dagger            |    40 |    50 |   361 |   104 ||   555
         Unarmed           |     2 |       |       |       ||     2
         Bite              |     5 |     4 |    37 |    14 ||    60
         Punch             |       |     1 |    16 |     5 ||    22
         Battleaxe         |       |       |       |     4 ||     4
   Cast: Freeze            |    28 |     2 |     3 |       ||    33
         Frozen Ramparts   |    10 |    20 |    46 |    18 ||    94
         Ozocubu's Armour  |     1 |     8 |    38 |    10 ||    57
         Summon Ice Beast  |       |       |       |     3 ||     3
 Invoke: Bend Time         |       |       |       |     1 ||     1
    Use: Scroll            |       |       |     5 |     8 ||    13
         Potion            |       |       |     4 |     1 ||     5
   Stab: Sleeping          |     7 |     3 |     9 |     3 ||    22
 Armour: Robe              |    13 |    19 |    83 |    20 ||   135
  Dodge: Dodged            |    60 |    42 |   225 |   113 ||   440

Table legend: (Time is in decaauts)
 A = Elapsed time spent in this place.
 B = Non-inter-level travel time spent in this place.
 C = Inter-level travel time spent in this place.
 D = Time resting spent in this place.
 E = Time spent auto-exploring this place.
 F = Levels seen in this place.
 G = Mean time per level.
                   A        B        C        D        E       F      G
               +--------+--------+--------+--------+--------+-----+--------+
         Total |  13841 |  13382 |    459 |   5232 |   6075 |  10 | 1384.1 |
       Dungeon |  13448 |  13155 |    293 |   5232 |   5861 |   9 | 1494.2 |
        Temple |    392 |    226 |    166 |      0 |    214 |   1 |  392.0 |
               +--------+--------+--------+--------+--------+-----+--------+

Top non-repeatable levels by time:
     D:8: 2524 daAuts
     D:5: 2311 daAuts
     D:7: 1732 daAuts
     D:4: 1532 daAuts
     D:3: 1509 daAuts
     D:6: 1444 daAuts
     D:2: 1142 daAuts
     D:1: 959 daAuts
  Temple: 392 daAuts
     D:9: 292 daAuts
